 Dungeon Crawl Stone Soup version 0.31-a0-263-ge8cad7f256 (webtiles) character file.

Game seed: 6804725972055871623

110 qw the Shooter (level 4, -1/26 HPs)
             Began as a Gargoyle Hexslinger on July 13, 2023.
             Killed from afar by Natasha (5 damage)
             ... with a magic dart
             ... on level 3 of the Dungeon.
             The game lasted 00:00:48 (1551 turns).

qw the Shooter (Gargoyle Hexslinger)                Turns: 1551, Time: 00:00:49

Health: -1/26      AC:  8    Str: 12    XL:     4   Next: 91%
Magic:  5/5        EV: 12    Int: 13    God:
Gold:   114        SH:  0    Dex: 14    Spells: 4/5 levels left

rFire   + . .        Y - +1 sling
rCold   . . .        (no shield)
rNeg    + . .        n - +1 robe {rF+}
rPois   inf          c - +0 helmet
rElec   +            (no cloak)
rCorr   .            i - +0 pair of gloves
SInv    .            (no boots)
Will    .....        l - amulet of faith
Stlth   +            (no ring)
HPRegen 0.24/turn    (no ring)
MPRegen 0.09/turn

%: faith
@: slowed, very slow
A: sickness immunity, AC +3, negative energy resistance 1, electricity
resistance, torment resistance 1, petrification resistance
a: no special abilities


You were on level 3 of the Dungeon.
You visited 1 branch of the dungeon, and saw 3 of its levels.

You collected 114 gold pieces.


Innate Abilities, Weirdness & Mutations

You are immune to sickness and miasma.
Your stone body is resilient. (AC +3)
You are immune to poison.
You resist negative energy. (rN+)
You are resistant to electric shocks. (rElec)
You are resistant to unholy torment.
You are immune to petrification.


   Skills:
 - Level 2.1 Fighting
 + Level 4.3 Ranged Weapons
 - Level 1.1 Armour
 - Level 1.5 Dodging
 - Level 1.0 Spellcasting
 - Level 2.6 Hexes


You had 4 spell levels left.
You knew the following spells:

 Your Spells              Type           Power      Damage    Failure   Level
a - Slow                  Hex            28%        N/A       10%         1

Your spell library contained the following spells:

 Spells                   Type           Power      Damage    Failure   Level
 Inner Flame              Hex/Fire       4%         N/A       43%         3
 Portal Projectile        Hex/Tloc       8%         N/A       43%         3
 Cause Fear               Hex            3%         N/A       67%         4

Inventory:

Hand Weapons
 Y - a +1 sling (weapon)
Armour
 b - a +2 helmet
 c - a +0 helmet (worn)
 h - a +0 ring mail
 i - a +0 pair of gloves (worn)
 n - a +1 robe of fire resistance (worn)
Jewellery
 g - an amulet of regeneration
 l - an amulet of faith (around neck)
Scrolls
 a - 3 scrolls of identify
Potions
 e - a potion of haste
 f - a potion of curing
 j - a potion of lignification {unknown}
 k - a potion of degeneration {unknown}
 m - a potion of berserk rage {unknown}

Dungeon Overview and Level Annotations

Branches:
Dungeon (3/15)

Altars:

Annotations:
D:3 Natasha


Message History

You shoot a sling bullet.
The sling bullet hits Natasha but does no damage.
Natasha is moderately wounded.
The cerulean imp hits you but does no damage.
Natasha closely misses you. The cerulean imp closely misses you.
Natasha barely misses you. The cerulean imp closely misses you.
The cerulean imp barely misses you.
You shoot a sling bullet.
The sling bullet hits Natasha but does no damage.
Natasha is moderately wounded.
The cerulean imp closely misses you. Natasha casts a spell at you.
The magic dart hits you but does no damage.
The cerulean imp misses you. The cerulean imp barely misses you.
Natasha claws you but does no damage.
The cerulean imp hits you from afar with a +0 spear.
You shoot a sling bullet. The sling bullet barely misses Natasha.
The cerulean imp barely misses you. Natasha claws you.
The cerulean imp hits you but does no damage.
Natasha barely misses you. The cerulean imp barely misses you.
The cerulean imp hits you from afar with a +0 spear.
You shoot a sling bullet.
The sling bullet closely misses Natasha.
The cerulean imp disappears in a puff of smoke!
Natasha claws you but does no damage.
The cerulean imp hits you from afar with a +0 spear.
The cerulean imp closely misses you.
You shoot a sling bullet.
The sling bullet completely misses Natasha.
The cerulean imp hits you but does no damage.
Natasha claws you but does no damage.
The cerulean imp hits you from afar with a +0 spear.
Natasha claws you.
The cerulean imp hits you from afar with a +0 spear. x2
You shoot a sling bullet. The sling bullet hits Natasha.
Natasha is heavily wounded.
The cerulean imp hits you but does no damage.
Natasha casts a spell at you. The magic dart hits you.
You die...

#...............# #
#######..........#
#.##.. #..........#
##.#... #.......<..#
....... #..........#
##.....####..........#
#....5....#..........###
#.##.#.h..##.....#......
.....5.@..##.#.###.####.
.....#....##.#.###.####.
........................
####.###...#.#.....####.
#. ###.#.#.###...... #
#..............
#..######...... .###
###...#.......... .....
######.....#.###......


You could see Natasha and 2 cerulean imps.

Vanquished Creatures
  Robin (D:3)
  4 adders (D:2)
  A dart slug (D:2)
  3 orcs (D:3)
  4 ball pythons
  2 giant cockroaches
  14 goblins
  5 hobgoblins
  6 kobolds
  4 quokkas (D:2)
  3 bats (D:2)
  7 frilled lizards
  3 rats
57 creatures vanquished.

Notes
Turn   | Place    | Note
-------+----------+-------------------------------------------
     0 | D:1      | qw the Gargoyle Hexslinger began the quest for the Orb.
     0 | D:1      | Reached XP level 1. HP: 12/12 MP: 2/2
     0 | D:1      | 0 ||| qw: Version: 0.3-a-52-g30416fa
     0 | D:1      | 0 ||| qw: Game counter: 7414
     0 | D:1      | 0 ||| qw: Melee chars always use a shield: true
     0 | D:1      | 0 ||| qw: God list: Okawaru
     0 | D:1      | 0 ||| qw: Allow faded altars: false
     0 | D:1      | 0 ||| qw: Do Orc after clearing Dungeon:15 true
     0 | D:1      | 0 ||| qw: Do second Lair branch before Depths: true
     0 | D:1      | 0 ||| qw: Lair rune preference: random
     0 | D:1      | 0 ||| qw: Goals: Normal
     0 | D:1      | 0 ||| PLANNING D:1-11
    42 | D:1      | Found a faded altar of an unknown god.
   194 | D:1      | Reached XP level 2. HP: 14/16 MP: 3/3
   388 | D:1      | Reached skill level 3 in Ranged Weapons
   445 | D:1      | 445 ||| UPGRADING to +0 leather armour.
   455 | D:1      | 455 ||| DROPPING +0 robe.
   456 | D:1      | 456 ||| UPGRADING to +0 ring mail.
   466 | D:1      | 466 ||| DROPPING +0 leather armour.
   467 | D:1      | 467 ||| UPGRADING to +0 pair of gloves.
   472 | D:1      | 472 ||| UPGRADING to amulet of regeneration.
   477 | D:1      | 477 ||| UPGRADING to amulet of faith.
   487 | D:1      | 487 ||| DROPPING ring of wizardry.
   488 | D:1      | 488 ||| READING 2 scrolls labelled BEGISA ZIKLO.
   489 | D:1      | 489 ||| READING scroll labelled KOOMAU TEBE.
   490 | D:1      | 490 ||| DROPPING scroll of poison.
   542 | D:2      | Reached XP level 3. HP: 15/21 MP: 4/4
   597 | D:2      | Reached skill level 1 in Armour
   745 | D:2      | Reached XP level 4. HP: 26/26 MP: 5/5
   879 | D:2      | 879 ||| FLEEEEING.
   880 | D:2      | 880 ||| FLEEEEING.
  1268 | D:2      | 1268 ||| UPGRADING to +0 helmet.
  1273 | D:2      | 1273 ||| UPGRADING to +1 robe of fire resistance.
  1283 | D:2      | 1283 ||| READING scroll labelled EDDAAMORCHU.
  1284 | D:2      | 1284 ||| READING scroll labelled ITUMIA JIOLUL.
  1287 | D:2      | 1287 ||| DRINKING 2 fuming sapphire potions.
  1288 | D:2      | 1288 ||| READING 2 scrolls of identify.
  1288 | D:2      | 1288 ||| IDENTIFYING cyan potion
  1322 | D:3      | Noticed Robin
  1331 | D:3      | Killed Robin
  1332 | D:3      | Reached skill level 4 in Ranged Weapons
  1351 | D:3      | HP: 6/26 [goblin/+0 club[Robin] (1)]
  1358 | D:3      | 1358 ||| FLEEEEING.
  1359 | D:3      | 1359 ||| FLEEEEING.
  1362 | D:3      | 1362 ||| STAIRDANCE
  1531 | D:3      | Noticed Natasha
  1537 | D:3      | 1537 ||| Stepping ~*~*~tactically~*~*~ (outnumbered).
  1550 | D:3      | HP: 6/26 [cerulean imp/+0 spear[Natasha] (1)]
  1551 | D:3      | Killed from afar by Natasha

Levels and vault maps discovered:
D:1:      dpeg_arrival_erosion, layout_basic, basic_ecumenical_altar,
          st_stairs_12, minmay_lizard_pond
D:2:      layout_basic
D:3:      layout_basic, nicolae_uskayaw_suspiria, elyvilon_altar_5,
          mainiacjoe_overflow_small_starburst, nrook_loot_triangle,
          uniq_natasha, uniq_robin

Skill      XL: |  1  2  3  4 |
---------------+-------------+-----
Ranged Weapons | 3 4 |  4.3
Fighting       | 2 |  2.1
Armour         | 1 |  1.1
Dodging        | |  1.5
Spellcasting   | |  1.0
Hexes          | |  2.6

Action                     |  1- 3 |  4- 6 || total
---------------------------+-------+-------++-------
   Fire: Sling             |    88 |    99 ||   187
    Use: Scroll            |     2 |     3 ||     5
         Potion            |       |     1 ||     1
 Armour: Ring mail         |    38 |    19 ||    57
         Robe              |       |    61 ||    61
  Dodge: Dodged            |    27 |    87 ||   114

Table legend:
 A = Non-vault XP
 B = Vault XP
 C = Vault XP percentage of total XP
 D = Non-vault monster count
 E = Vault monster count
 F = Vault count percentage of total count
                 A         B        C        D         E       F
            +---------+---------+-------+---------+---------+-------
      Total |     115 |      43 |  27.2 |      40 |      17 |  29.8
            +---------+---------+-------+---------+---------+-------
        D:1 |      14 |       6 |  30.0 |       9 |       5 |  35.7
        D:2 |      86 |       0 |   0.0 |      25 |       0 |   0.0
        D:3 |      15 |      37 |  71.2 |       6 |      12 |  66.7
            +---------+---------+-------+---------+---------+-------
